 Dungeon Sprint DCSS version 0.17-a0-1674-g2b13139 (webtiles) character file.

299 Kidiri the Covert (level 6, -5/28 HPs)
             Began as a Spriggan Enchanter on Aug 18, 2015.
             Was an Initiate of Dithmenos.
             Slain by a spatial vortex (25 damage)
             ... in the Dungeon (Sprint III: "The Ten Rune Challenge").
             The game lasted 00:03:17 (739 turns).

Kidiri the Covert (Spriggan Enchanter)               Turns: 739, Time: 00:03:17

Health: -5/28      AC:  4    Str:  4    XL:     6   Next: 13%
Magic:  0/17       EV: 25    Int: 17    God:    Dithmenos [......]
Gold:   23         SH:  0    Dex: 18    Spells: 5 memorised, 8 levels left

rFire  . . .     SeeInvis +     a - +1 dagger
rCold  . . .     Clarity  .     b - +1 robe
rNeg   . . .     SustAt   .     (shield restricted)
rPois  +         Gourm    .     (helmet restricted)
rElec  .         Spirit   .     (no cloak)
rCorr  .         Warding  .     (gloves unavailable)
rMut   .         NoTele   +     (boots unavailable)
MR     +....                    (no amulet)
Stlth  +++++.....               (no ring)
                                (no ring)

@: very slightly contaminated, very quick, somewhat resistant to hostile
enchantments, quite stealthy
A: unfitting armour, rugged brown scales 1, see invisible, herbivore 3, speed 3,
mutation resistance 1, poison resistance, screaming 1, slow metabolism 2
a: Renounce Religion


You were in the Dungeon.
You worshipped Dithmenos.
Dithmenos was noncommittal.
You were not hungry.

You visited 1 branch You collected 23 gold pieces.

Inventory:

Hand weapons
 a - a +1 dagger (weapon)
Armour
 b - a +1 robe (worn)
Magical devices
 l - a wand of slowing (4)
Scrolls
 j - a scroll of blinking
 k - a scroll of fog {unknown}
 m - a scroll of holy word {unknown}
 o - 4 scrolls of remove curse
 s - a scroll of immolation {unknown}
Potions
 g - a potion of haste
 h - 2 potions of magic
 i - a potion of berserk rage
 q - a potion of lignification
 r - a potion of flight
 u - a potion of cure mutation
Books
 c - a book of Maledictions

   Spells                             Type                      Level
   a - Corona                         Hexes                        1
   b - Ensorcelled Hibernation        Hexes/Ice                    2
   c - Confuse                        Hexes                        3
   d - Tukima's Dance                 Hexes                        3
   e - Dazzling Spray                 Conjuration/Hexes            3
Comestibles
 d - a bread ration
 p - 2 royal jellies
 t - 2 fruits


   Skills:
 + Level 4.5 Short Blades
 * Level 9.0 Dodging
 * Level 10.2 Stealth
 * Level 7.6 Spellcasting
 + Level 2.2 Conjurations
 + Level 6.3 Hexes
 + Level 2.6 Ice Magic
 + Level 0.0 Invocations


You had 8 spell levels left.
You knew the following spells:

 Your Spells              Type           Power        Failure   Level  Hunger
a - Corona                Hex            ####...      1%          1    None
b - Ensorcelled Hibernat  Hex/Ice        ###...       2%          2    None
c - Confuse               Hex            ####....     2%          3    ##.....
d - Tukima's Dance        Hex            ####....     2%          3    ##.....
e - Dazzling Spray        Conj/Hex       ###.....     8%          3    ##.....


Dungeon Overview and Level Annotations

Branches:
Dungeon (1/1)

Altars:
Dithmenos
Gozag
Makhleb
Nemelex Xobeh
Qazlal
Ru
Xom
Jiyva
Lugonu


Innate Abilities, Weirdness & Mutations

You are tiny and cannot use many weapons and most armour.
You have supernaturally acute eyesight.
You are a herbivore.
You cover ground extremely quickly.
You need consume almost no food.
You are partially covered in rugged brown scales (AC +1, +3% HP).
You are somewhat resistant to further mutation.
Your system is resistant to poisons.
You occasionally shout uncontrollably at your foes.


Message History

You miscast Dazzling Spray.
You are very lightly contaminated with residual magic.
Nothing appears to happen.
Casting: Dazzling Spray
Confirm with . or Enter, or press ? or * to list all spells.
Aiming: Dazzling Spray
Press: ? - help, Shift-Dir - straight line, f/p - spatial vortex
Aim: a spatial vortex (moderately damaged)
The spray of energy hits the spatial vortex.
The spatial vortex is heavily damaged.
There is an opulent altar of Gozag here.
There is a sparkling altar of Nemelex Xobeh here.
You see here a phantom mirror.
There is a shimmering altar of Xom here.
There is a burning altar of Makhleb here.
There is a stormy altar of Qazlal here.
There is an open door here.
The spatial vortex hits you!!
Ouch! That really hurt!
You die...

.≈.♣♣♣..###+#+###+##
≈≈♣.♣...#..........#
≈≈≈♣....'.⌠........#
≈≈≈≈≈♣♣.#...######'#
≈≈≈≈....#.⌠.#__#...#
≈≈≈.....#...#__#...#
≈.......#+###__#...#
........# #__#...+
........# #_.'@v.#
▓▓▓▓▓▓▓▓▓ ▓▓▓▓▓▓▓▓


You could see a spatial vortex.

Vanquished Creatures
  A shadow (D)
  A water elemental (D)
  A jelly (D)
  Jessica (D)
  A human (D)
  2 oozes (D)
  A phantom (D)
  A rat (D)
9 creatures vanquished.

Vanquished Creatures (others)
  2 draconian scorchers (D)
  A yaktaur (D)
3 creatures vanquished.

Grand Total: 12 creatures vanquished

Notes
Turn   | Place    | Note
--------------------------------------------------------------
     0 | D        | Kidiri the Spriggan Enchanter began the quest for the Orb.
     0 | D        | Reached XP level 1. HP: 9/9 MP: 5/5
     4 | D        | Reached skill level 5 in Stealth
    11 | D        | Reached XP level 2. HP: 5/13 MP: 5/7
    34 | D        | Killed a yaktaur
   214 | D        | Noticed Jessica
   219 | D        | Killed Jessica
   219 | D        | Reached skill level 5 in Dodging
   219 | D        | Reached skill level 6 in Stealth
   219 | D        | Reached XP level 3. HP: 16/16 MP: 8/10
   223 | D        | Learned a level 2 spell: Ensorcelled Hibernation
   224 | D        | Killed a white draconian scorcher
   227 | D        | Learned a level 3 spell: Confuse
   231 | D        | Learned a level 3 spell: Tukima's Dance
   238 | D        | Killed a white draconian scorcher
   394 | D        | Reached skill level 7 in Stealth
   394 | D        | Reached skill level 5 in Spellcasting
   401 | D        | Learned a level 3 spell: Dazzling Spray
   633 | D        | Gained mutation: Your system is resistant to poisons. [potion of mutation]
   633 | D        | Gained mutation: You are somewhat resistant to further mutation. [potion of mutation]
   634 | D        | Gained mutation: You are partially covered in rugged brown scales (AC +1, +3% HP). [potion of mutation]
   635 | D        | Gained mutation: You occasionally shout uncontrollably at your foes. [potion of mutation]
   661 | D        | Noticed a water elemental
   664 | D        | Killed a water elemental
   664 | D        | Reached skill level 8 in Stealth
   664 | D        | Reached skill level 1 in Conjurations
   664 | D        | Reached skill level 5 in Hexes
   664 | D        | Reached skill level 1 in Ice Magic
   664 | D        | Reached XP level 4. HP: 21/21 MP: 10/12
   683 | D        | Noticed a jelly
   684 | D        | Noticed a shadow
   686 | D        | Killed a shadow
   686 | D        | Reached skill level 9 in Stealth
   686 | D        | Reached XP level 5. HP: 24/24 MP: 12/15
   686 | D        | Reached XP level 6. HP: 28/28 MP: 13/17
   690 | D        | Killed a jelly
   690 | D        | Reached skill level 10 in Stealth
   715 | D        | Found a stormy altar of Qazlal.
   716 | D        | Found a sacrificial altar of Ru.
   716 | D        | Found a burning altar of Makhleb.
   716 | D        | Found a viscous altar of Jiyva.
   716 | D        | Found a shimmering altar of Xom.
   716 | D        | Found a shadowy altar of Dithmenos.
   716 | D        | Found a sparkling altar of Nemelex Xobeh.
   716 | D        | Found a corrupted altar of Lugonu.
   716 | D        | Found an opulent altar of Gozag.
   716 | D        | Noticed a spatial vortex
   722 | D        | Became a worshipper of Dithmenos the Shadowed
   739 | D        | Slain by a spatial vortex

Vault maps used:
D:        dungeon_sprint_mu

Action                   |  1- 3 |  4- 6 || total
-------------------------+-------+-------++-------
Melee: Dagger            |    37 |     3 ||    40
 Cast: Ensorcelled Hiber |     9 |       ||     9
       Confuse           |     2 |       ||     2
       Corona            |     1 |       ||     1
       Dazzling Spray    |       |     5 ||     5
  Use: Potion            |     4 |     1 ||     5
       Scroll            |     3 |       ||     3
 Stab: Sleeping          |     5 |     2 ||     7
       Confused          |     1 |       ||     1
